Map: Catalyst LE

Players

EleMenTfiNi - Winner!

  • Race: Protoss Protoss
  • League: Diamond
  • Spawn Location: 5:00

BensonSc

  • Race: Terran Terran
  • League: Diamond
  • Spawn Location: 11:00

VOD

Have the link to the VOD?

Description

Time

  • Played on: May 12, 2018, 2:36 a.m.
  • Length: 6:29
Show
View Real Time Build Order
Export as new Build Order

EleMenTfiNi Protoss - Winner!

Build Orders:  

Get SALT Encoding   

  12  0:01  Probe  
  13  0:15  Pylon  
  13  0:21  Assimilator  
  13  0:32  Probe  
  13  0:34  Gateway  
  13  0:40  Probe  
  15  0:50  Probe  
  16  1:02  Probe  
  17  1:04  Gateway  
  17  1:14  Probe  
  18  1:22  Cybernetics Core  
  18  1:28  Zealot  
  18  1:30  Probe  
  21  1:36  Pylon  
  21  1:42  Probe  
  22  1:49  Stalker  
  22  1:51  Stalker  
  26  2:03  Warp Gate  
  26  2:10  Assimilator, Probe  
  27  2:19  Zealot  
  27  2:20  Zealot  
  31  2:36  Twilight Council  
  31  2:55  Probe  
  30  3:05  Charge  
  30  3:07  Probe  
  30  3:11  Pylon  
  31  3:29  Zealot x2  
  31  3:56  Gateway  
  31  4:00  Gateway  
  31  4:02  Robotics Facility  
  31  4:27  Gateway  
  31  4:30  Pylon  
  31  4:32  Zealot x2  
  35  4:54  Zealot x3, Warp Prism  
  43  5:08  Pylon  
  43  5:13  Zealot  
  45  5:15  Zealot, Dark Shrine  
  47  5:28  Pylon  
  47  5:30  Zealot  
  47  5:31  Pylon  
  47  5:35  Sentry  
  49  5:55  Zealot x3  
  49  6:02  Zealot  
Show
View Real Time Build Order
Export as new Build Order

BensonSc Terran 

Build Orders: Cyclone Opening 

Get SALT Encoding   

  12  0:01  SCV  
  13  0:13  SCV  
  14  0:17  Supply Depot  
  14  0:25  SCV  
  15  0:31  Refinery  
  15  0:39  SCV  
  16  0:46  Barracks  
  16  0:51  SCV  
  17  1:03  SCV  
  18  1:15  SCV  
  20  1:33  Reaper  
  20  1:34  Orbital Command  
  20  1:49  Command Center  
  20  1:59  Factory  
  20  2:03  SCV  
  21  2:12  Reaper  
  22  2:17  SCV  
  23  2:23  Supply Depot  
  23  2:26  Refinery  
  23  2:29  SCV  
  23  2:42  Bunker  
  23  2:44  Marine  
  24  2:58  Cyclone  
  23  3:28  Marine  
  23  3:30  Cyclone  
  27  3:38  Orbital Command  
  27  3:42  SCV  
  27  3:45  Starport  
  26  3:52  Marine  
  26  3:54  SCV  
  27  4:03  Supply Depot  
  27  4:06  SCV  
  28  4:10  Marine, Factory Tech Lab  
  29  4:18  SCV  
  29  4:19  SCV  
  29  4:23  Starport Tech Lab  
  31  4:25  Engineering Bay  
  31  4:28  Marine  
  31  4:30  SCV  
  33  4:32  SCV, Supply Depot  
  34  4:42  SCV  
  35  4:46  Marine, Raven  
  35  4:48  SCV  
  39  5:03  Marine  
  39  5:05  Barracks  
  40  5:07  Missile Turret  
  40  5:08  SCV  
  41  5:18  SCV  
  42  5:21  Marine  
  42  5:23  SCV  
  42  5:27  Refinery  
  44  5:30  SCV  
  44  5:35  SCV, Banshee  
  49  5:39  Marine, Missile Turret  
  49  5:42  SCV  
  51  5:47  SCV  
  52  5:54  SCV  
  51  5:57  Marine  
Tags
 
Add a new tag
Caveats
  • Supply blocks, unpowered buildings, or Contaminate may cause inaccurate times.
  • Supply counts are checked every 10 seconds.